 Dungeon Crawl Stone Soup version 0.27-a0-1230-gfc7c993222 (webtiles) character file.

Game seed: 9528341890484350080

102 Glokmah the Skirmisher (level 5, 0/36 (42) HPs)
             Began as a Formicid Abyssal Knight on June 8, 2021.
             Was a Follower of Lugonu.
             Killed from afar by Ijyb (8 damage)
             ... with a puff of flame
             ... on level 3 of the Dungeon.
             The game lasted 00:05:29 (3695 turns).

Glokmah the Skirmisher (Formicid Abyssal Knight)    Turns: 3695, Time: 00:05:30

HP:   0/36 (42)     AC:  8    Str: 17    XL:     5   Next: 5%
MP:   7/7           EV:  9    Int: 12    God:    Lugonu [*.....]
Gold: 115           SH:  0    Dex: 10    Spells: 4/4 levels left

rFire    . . .     SeeInvis +   a - +0 bardiche
rCold    + . .     Faith    .   (no shield)
rNeg     . . .     Spirit   .   o - +1 scale mail {rC+}
rPois    .         Reflect  .   (helmet unavailable)
rElec    .         Harm     .   l - scarf {+Inv}
rCorr    .         Rampage  .   (no gloves)
Will     .....                  h - +0 pair of boots
Stlth    ..........             (no amulet)
HPRegen  0.12/turn              (no ring)
MPRegen  0.10/turn              (no ring)

@: heavily drained
A: permanent stasis, dig shafts and tunnels, antennae 3, four strong arms
a: Dig, Shaft Self, Renounce Religion, Evoke Invisibility, Depart the Abyss


You were on level 3 of the Dungeon.
You worshipped Lugonu.
Lugonu was aware of your devotion.
You visited 1 branch of the dungeon, and saw 3 of its levels.
You visited the Abyss 1 time.

You collected 115 gold pieces.

Inventory:

Hand Weapons
 a - a +0 bardiche (weapon)
Missiles
 d - 98 stones (quivered)
Armour
 h - a +0 pair of boots (worn)
 l - a scarf of invisibility (worn)
 o - a +1 scale mail of cold resistance (worn)
Jewellery
 e - a ring of see invisible
Wands
 m - a wand of iceblast (4)
Scrolls
 f - 3 scrolls of teleportation {unknown}
 g - 3 scrolls of fog {unknown}
 i - a scroll of enchant armour {unknown}
 j - 3 scrolls of identify {unknown}
 k - a scroll of fear {unknown}
 q - a scroll of blinking {unknown}
Potions
 b - a potion of might
 c - a potion of invisibility {unknown}
 n - a potion of lignification {unknown}
 p - 2 potions of heal wounds {unknown}


   Skills:
 + Level 3.8 Fighting
 * Level 3.2 Polearms
 - Level 2.1 Armour
 - Level 0.8 Dodging
 * Level 3.8 Invocations
 + Level 1.0 Evocations


You had 4 spell levels left.
You didn't know any spells.
Your spell library was empty.

Dungeon Overview and Level Annotations

Branches:
Dungeon (3/15)

Altars:
Okawaru

Annotations:
D:3 Ijyb


Innate Abilities, Weirdness & Mutations

You cannot be hasted, slowed, berserked, paralysed or teleported.
You can dig through walls and to a lower floor.
You have a pair of large antennae on your head. (SInv)
Your four strong arms can wield two-handed weapons with a shield.


Message History

The goblin hits you but does no damage.
You barely miss the goblin. The goblin closely misses you.
The goblin hits you with a +0 club.
You slash the goblin!
You kill the goblin!
Lugonu accepts your kill.
No target in view!
No target in view!
Items here: ) †††.
You see here a jackal corpse.
There is an escape hatch in the floor here.
Ijyb the Twisted Goblin comes into view.
She is wielding a +1 dagger of protection and carrying a wand of flame (20).
Ijyb shouts!
Ijyb screams, "Die!"
Okay, then.
Okay, then.
Okay, then.
Ijyb drinks a potion.
Ijyb suddenly seems more resistant.
You closely miss Ijyb.
Ijyb zaps a wand.
The puff of flame hits you!
Ijyb zaps a wand.
The puff of flame hits you.
You hit Ijyb.
Ijyb is lightly wounded.
Ijyb hits you but does no damage.
Ijyb zaps a wand.
The puff of flame hits you.
You hit Ijyb.
Ijyb is moderately wounded.
Ijyb zaps a wand.
The puff of flame hits you.
Ijyb zaps a wand.
The puff of flame hits you!
* * * LOW HITPOINT WARNING * * *
You barely miss Ijyb.
Ijyb is moderately wounded.
Ijyb closely misses you. Ijyb hits you but does no damage.
You feel drained.
You fail to use your ability.
Ijyb hits you with a +1 dagger of protection.
* * * LOW HITPOINT WARNING * * *
You feel drained.
You fail to use your ability.
Ijyb barely misses you.
Are you sure you want to shaft yourself?
Ijyb hits you but does no damage.
You begin to dig a shaft.
You continue digging a shaft.
Ijyb zaps a wand.
The puff of flame hits you!
You die...

.####.# #.# ## ......####.# #.#
# ..##.##....# #.# #
.....##.#### #.# ####.......#
#.# #######.##.# #.# .{...##.# #
#.# ####.##.# #g# ####.##.##.#
#@# ...†.......# #.# {
####.##.########.##
###.##...........#
#........######..#
#.#.####.######..###############
#.#.# ........................
#.#.# ########################
#.#..


You could see Ijyb (resistant).

Vanquished Creatures
  Terence (D:2)
  An adder (D:2)
  A gnoll (D:3)
  A worm (D:2)
  5 ball pythons (D:2)
  5 bats
  3 endoplasms
  2 giant cockroaches (D:1)
  4 hobgoblins
  4 jackals (D:3)
  3 quokkas
  4 frilled lizards
  8 goblins
  8 kobolds
  4 rats
54 creatures vanquished.

Notes
Turn   | Place    | Note
-------+----------+-------------------------------------------
     0 | Abyss:1  | Glokmah the Formicid Abyssal Knight began the quest for the
                  | Orb.
     0 | Abyss:1  | Reached XP level 1. HP: 18/18 MP: 2/2
    32 | Abyss:2  | Noticed an ancient zyme
    36 | Abyss:2  | Noticed a thrashing horror
    41 | D:1      | Escaped the Abyss
   372 | D:1      | Reached XP level 2. HP: 21/24 MP: 3/3
   441 | D:1      | Reached * piety under Lugonu
  1167 | D:1      | Reached XP level 3. HP: 28/29 MP: 5/5
  2700 | D:2      | Noticed Terence
  2706 | D:2      | Killed Terence
  2707 | D:2      | Reached XP level 4. HP: 33/37 MP: 3/6
  3081 | D:3      | Found an iron altar of Okawaru.
  3387 | D:3      | Reached skill level 1 in Evocations
  3619 | D:3      | Reached XP level 5. HP: 42/42 MP: 7/7
  3684 | D:3      | Noticed Ijyb
  3695 | D:3      | Killed from afar by Ijyb

Illustrated notes

Levels and vault maps discovered:
D:1:      tarquinn_simple_flora_water_b, layout_loops_ring, corexii_corridor_pit
D:2:      layout_loops_ring, mrwooster_statue_mirror,
          kennysheep_cross_bottleneck, uniq_terence
D:3:      layout_loops_ring, old_standard_altar, grunt_ministairs_10,
          minmay_cut_off, uniq_grinder, uniq_ijyb

Skill      XL: |  1  2  3  4 |
---------------+-------------+-----
Invocations    | 3 |  3.8
Polearms       | 3 |  3.2
Evocations     | 1 |  1.0
Fighting       | |  3.8
Armour         | |  2.1
Dodging        | |  0.8

Action                   |  1- 3 |  4- 6 || total
-------------------------+-------+-------++-------
Melee: Bardiche          |   137 |   107 ||   244
Throw: Stone             |     6 |       ||     6
Invok: Depart the Abyss  |     1 |       ||     1
 Abil: Evoke Invisibilit |     1 |       ||     1
       Dig               |       |     1 ||     1
       Shaft Self        |       |     1 ||     1
 Stab: Invisible         |     1 |       ||     1
Armor: Leather armour    |    43 |       ||    43
       Ring mail         |    17 |       ||    17
       Scale mail        |       |    94 ||    94
Dodge: Dodged            |   121 |    86 ||   207

Table legend: (Time is in decaauts)
 A = Elapsed time spent in this place.
 B = Non-inter-level travel time spent in this place.
 C = Inter-level travel time spent in this place.
 D = Time resting spent in this place.
 E = Time spent auto-exploring this place.
 F = Levels seen in this place.
 G = Mean time per level.
                   A        B        C        D        E       F      G
               +--------+--------+--------+--------+--------+-----+--------+
         Total |   3909 |   3671 |    238 |    539 |   2331 |   5 |  781.8 |
       Dungeon |   3869 |   3631 |    238 |    539 |   2331 |   3 | 1289.7 |
         Abyss |     40 |     40 |      0 |      0 |      0 |   2 |   20.0 |
               +--------+--------+--------+--------+--------+-----+--------+

Top non-repeatable levels by time:
     D:2: 1601 daAuts
     D:1: 1454 daAuts
     D:3: 812 daAuts
 Abyss:2: 30 daAuts
 Abyss:1: 10 daAuts
